 Dungeon Crawl Stone Soup version 0.26.0-20-g3ca415f5b8 (webtiles) character file.

Game seed: 4893183385386820378

2301755 Kejsarherre the Hoplite (level 26, 253/258 HPs)
             Began as a Deep Dwarf Fighter on Jan 24, 2021.
             Was the Champion of Makhleb.
             Escaped with the Orb
             ... and 3 runes!
             The game lasted 02:30:06 (38849 turns).

Kejsarherre the Hoplite (Deep Dwarf Fighter)       Turns: 38849, Time: 02:30:07

Health: 253/258    AC: 61    Str: 26    XL:     26   Next: 29%
Magic:  29/29      EV: 13    Int: 18    God:    Makhleb [******]
Gold:   2868       SH: 23    Dex:  8    Spells: 25/25 levels left

rFire    + + +     SeeInvis +   k - +9 broad axe (freeze)
rCold    + . .     Faith    .   c - +0 kite shield
rNeg     + . .     Spirit   .   G - +17 plate armour "Besuloym" {rF+}
rPois    .         Reflect  +   X - +3 crown of Dyrovepreva {rElec Int+2 SInv}
rElec    +         Harm     .   B - +2 cloak
rCorr    .         Rampage  .   f - +2 pair of gloves
Will     ++++.                  t - +2 pair of boots
Stlth    ..........             y - amulet of reflection
HPRegen  0.00/turn              J - ring "Xuecoy" {rF++ Will+ Str+3}
MPRegen  0.21/turn              q - ring of the Tortoise {AC+8}

@: non-regenerating
A: damage resistance, heal wounds, antennae 1, icy blue scales 2, clumsy 2, cold
resistance 1, negative energy resistance 1, sense surroundings 3, screaming 1,
weak 1, no regeneration
0: Orb of Zot
}: 3/15 runes: decaying, serpentine, silver
a: Heal Wounds, Renounce Religion, Minor Destruction, Lesser Servant of Makhleb,
Major Destruction, Greater Servant of Makhleb


You escaped.
You worshipped Makhleb.
Makhleb was exalted by your worship.
You visited 9 branches of the dungeon, and saw 47 of its levels.
You visited the Abyss 1 time.
You also visited: Ice Cave.

You collected 8678 gold pieces.
You spent 5810 gold pieces at shops.

Inventory:

Hand Weapons
 k - a +9 broad axe of freezing (weapon)
 V - a +0 hand axe of flaming
Armour
 c - a +0 kite shield (worn)
 f - a +2 pair of gloves (worn)
 t - a +2 pair of boots (worn)
 B - a +2 cloak (worn)
 G - the +17 plate armour "Besuloym" (worn) {rF+}
   (You bought it in a shop on level 2 of the Orcish Mines)

   It protects you from fire.
 X - the +3 crown of Dyrovepreva (worn) {rElec Int+2 SInv}
   (You found it on level 3 of the Swamp)

   It affects your intelligence (+2).
   It insulates you from electricity.
   It lets you see invisible.
Jewellery
 q - the ring of the Tortoise (right hand) {AC+8}
   (You acquired it on level 4 of the Snake Pit)

   [ring of protection]

   It affects your AC (+8).
 y - an amulet of reflection (around neck)
 J - the ring "Xuecoy" (left hand) {rF++ Will+ Str+3}
   (You bought it in a shop on level 4 of the Depths)

   [ring of willpower]

   It affects your strength (+3).
   It greatly protects you from fire.
   It affects your willpower, your defense against some magical effects.
 R - an uncursed ring of willpower
 U - an uncursed ring of protection from fire
 Y - an uncursed ring of ice
Wands
 l - a wand of acid (30)
 v - a wand of digging (4)
 F - a wand of iceblast (5)
 I - a wand of flame (79)
 S - a wand of disintegration (15)
 T - a wand of paralysis (13)
Scrolls
 a - 14 scrolls of identify
 h - 3 scrolls of fog
 i - 22 scrolls of teleportation
 m - 24 scrolls of remove curse
 n - 12 scrolls of amnesia
 r - a scroll of holy word
 u - 5 scrolls of blinking
 C - 3 scrolls of fear
 D - 2 scrolls of enchant armour
 K - a scroll of silence
 O - 3 scrolls of summoning
 W - 5 scrolls of enchant weapon
 Z - 5 scrolls of vulnerability
Potions
 b - 8 potions of invisibility
 d - 3 potions of might
 e - 12 potions of lignification
 g - a potion of haste
 j - 8 potions of curing
 o - 3 potions of mutation
 p - 8 potions of attraction
 w - 11 potions of ambrosia
 x - 4 potions of magic
 A - 6 potions of heal wounds
 E - 4 potions of berserk rage
 M - 11 potions of flight
 N - 3 potions of cancellation
 Q - 7 potions of brilliance
Miscellaneous
 z - a phantom mirror
 H - a condenser vane
 P - a box of beasts


   Skills:
 * Level 19.2 Fighting
 - Level 20.0 Axes
 - Level 20.0 Armour
 - Level 12.0 Dodging
 - Level 25.0 Shields
 - Level 23.0 Invocations
 + Level 18.0 Evocations


You had 25 spell levels left.
You didn't know any spells.
Your spell library contained the following spells:

 Spells                   Type           Power        Failure   Level
 Animate Skeleton         Necr           0%           73%         1
 Apportation              Tloc           0%           73%         1
 Beastly Appendage        Tmut           0%           73%         1
 Corona                   Hex            0%           73%         1
 Foxfire                  Conj/Fire      0%           73%         1
 Freeze                   Ice            0%           73%         1
 Pain                     Necr           0%           73%         1
 Sting                    Tmut/Pois      0%           73%         1
 Summon Small Mammal      Summ           0%           73%         1
 Corpse Rot               Necr/Air       N/A          86%         2
 Ensorcelled Hibernation  Hex/Ice        0%           86%         2
 Poisonous Vapours        Pois/Air       0%           86%         2
 Slow                     Hex            0%           86%         2
 Wereblood                Tmut           0%           86%         2
 Confusing Touch          Hex            0%           97%         3
 Conjure Flame            Conj/Fire      0%           97%         3
 Dazzling Flash           Conj/Hex       0%           97%         3
 Frozen Ramparts          Ice            0%           97%         3
 Ignite Poison            Fire/Tmut/Pois 0%           97%         3
 Inner Flame              Hex/Fire       0%           97%         3
 Mephitic Cloud           Conj/Pois/Air  0%           97%         3
 Ozocubu's Armour         Ice            0%           97%         3
 Portal Projectile        Hex/Tloc       0%           97%         3
 Spider Form              Tmut/Pois      0%           97%         3
 Static Discharge         Conj/Air       0%           97%         3
 Stone Arrow              Conj/Erth      0%           97%         3
 Tukima's Dance           Hex            0%           97%         3
 Vampiric Draining        Necr           0%           97%         3
 Animate Dead             Necr           0%           100%        4
 Cause Fear               Hex            0%           100%        4
 Hailstorm                Conj/Ice       0%           100%        4
 Ice Form                 Ice/Tmut       0%           100%        4
 Leda's Liquefaction      Hex/Erth       0%           100%        4
 Olgreb's Toxic Radiance  Pois           0%           100%        4
 Petrify                  Tmut/Erth      0%           100%        4
 Sticky Flame             Conj/Fire      0%           100%        4
 Summon Ice Beast         Ice/Summ       0%           100%        4
 Summon Lightning Spire   Summ/Air       0%           100%        4
 Agony                    Necr           0%           100%        5
 Blade Hands              Tmut           0%           100%        5
 Bolt of Magma            Conj/Fire/Erth 0%           100%        5
 Borgnjor's Vile Clutch   Necr/Erth      0%           100%        5
 Fireball                 Conj/Fire      0%           100%        5
 Irradiate                Conj/Tmut      0%           100%        5
 Iskenderun's Battlesphe  Conj           0%           100%        5
 Lightning Bolt           Conj/Air       0%           100%        5
 Silence                  Hex/Air        0%           100%        5
 Summon Demon             Summ           0%           100%        5
 Summon Forest            Summ/Tloc      0%           100%        5
 Summon Mana Viper        Hex/Summ       0%           100%        5
 Conjure Ball Lightning   Conj/Air       0%           100%        6
 Death Channel            Necr           0%           100%        6
 Eringya's Noxious Bog    Tmut/Pois      0%           100%        6
 Freezing Cloud           Conj/Ice/Air   0%           100%        6
 Hydra Form               Tmut           0%           100%        6
 Iron Shot                Conj/Erth      0%           100%        6
 Shadow Creatures         Summ           N/A          100%        6
 Statue Form              Tmut/Erth      0%           100%        6
 Dragon Form              Tmut           0%           100%        7
 Orb of Destruction       Conj           0%           100%        7
 Spellforged Servitor     Conj/Summ      0%           100%        7
 Summon Hydra             Summ           0%           100%        7
 Ignition                 Fire           0%           100%        8
 Shatter                  Erth           0%           100%        9
 Tornado                  Air            0%           100%        9


Dungeon Overview and Level Annotations

Branches:
Dungeon (15/15)            Temple (1/1) D:4            Lair (6/6) D:11
  Swamp (4/4) Lair:3        Snake (4/4) Lair:3        Slime (0/5) Lair:6
    Orc (2/2) D:12            Elf (0/3) Orc:2        Vaults (5/5) D:14
  Crypt (0/3) Vaults:2     Depths (5/5) D:15            Zot (5/5) Depths:5
  IceCv (visited)

Altars:
Ashenzari
Cheibriados
Dithmenos
Elyvilon
Fedhas
Hepliaklqana
Kikubaaqudgha
Makhleb
Nemelex Xobeh
Okawaru
Qazlal
Ru
Uskayaw
Vehumet
Wu Jian
Xom
Yredelemnul
The Shining One
Beogh
Lugonu

Shops:
D:6 *=[   Orc:1 *   Orc:2 (![:*   Snake:1 *   Snake:2 !   Snake:4 ?
Vaults:3 *   Depths:2 *   Depths:4 }==

Portals:
Hell: Depths:1 Depths:2 Depths:3 Depths:4
Abyss: Depths:1 Depths:2 Depths:3
Pandemonium: Depths:1 Depths:2 Depths:3 Depths:4
Ziggurat: Depths:2

Annotations:
Swamp:2 Silenth's ghost, adept KoHu


Innate Abilities, Weirdness & Mutations

You are resistant to damage.
You can heal yourself by infusing magical energy.
You resist negative energy. (rN+)
You passively map a large area around you.
You do not regenerate.
You have a pair of small antennae on your head.
You are mostly covered in icy blue scales. (AC +3)
You are very clumsy. (Dex -4)
Your flesh is cold resistant. (rC+)
You occasionally shout uncontrollably at your foes.
You are weak. (Str -2)


Message History

The chaos spawn closely misses you.
You slice the chaos spawn!! You freeze the chaos spawn.
You kill the chaos spawn!
Makhleb accepts your kill.
You feel better.
The chaos spawn degenerates into a cloud of primal chaos!
A rakshasa comes into view. It is wielding a +0 trident.
The rakshasa moves out of view.
There is a stone staircase leading up here.
You climb upwards.
There is a stone staircase leading down here.
There is a stone staircase leading up here.
You climb upwards.
There is a stone staircase leading down here.
There is a stone staircase leading up here.
You climb upwards.
There is a stone staircase leading down here.
You see here a +0 club.
There is a staircase leading out of the dungeon here.
You have escaped!

....#.......# #.# ###.#.......#
#.# # #.#.#.###.# #.##
###.#.......######..#
........#####.......#
......####..........### ####..#
#.#..⌠.......# ######
...#..####.#..........# ####.....
##.............>@.∩...###.##.####
##.#..#.##.#................†....
......#.##.#..⌠...........##)####
.........#............##.###.####
##.####...###.........##.# #...).
##.####...# ##........##.# ######
.#........# ###......##.#
>######...######......##.# .#
#..................#######


There were no monsters in sight!

Vanquished Creatures
  A pandemonium lord (Depths:2)
  6 ancient liches
  2 orbs of fire (Zot:5)
  Boris (Depths:4)
  Margery (Depths:3)
  A Killer Klown (Zot:5)
  Vashnia (Snake:4)
  A curse toe (Zot:3)
  7 caustic shrikes (Depths:5)
  5 golden dragons
  Nikola (Swamp:1)
  An electric golem (Zot:2)
  A Brimstone Fiend (Depths:2)
  8 liches
  18 tentacled monstrosities
  Jorgrun (Swamp:1)
  An Ice Fiend (IceCv)
  5 titans
  26 Orb Guardians
  6 quicksilver dragons
  An Executioner (Depths:1)
  Frances (Snake:2)
  Agnes (Snake:4)
  A sphinx (Vaults:5)
  6 storm dragons
  3 death cobs
  Kirke (Lair:4)
  11 shadow dragons
  6 tengu reavers
  A draconian monk (Zot:3)
  5 nagarajas
  9 fire giants
  Roxanne (Snake:4)
  A fenstrider witch (Swamp:2)
  11 frost giants
  2 draconian scorchers
  An iron dragon (Depths:1)
  22 vault wardens
  2 orc warlords
  A ghost moth (Zot:5)
  2 draconian shifters
  Aizul (Snake:2)
  A draconian stormcaller (Zot:3)
  A reaper (Depths:1)
  3 war gargoyles (Vaults:5)
  A draconian annihilator (Zot:3)
  3 spriggan defenders (Depths:5)
  12 ironheart preservers
  22 stone giants
  16 very ugly things
  5 vampire knights
  A deep elf annihilator (Vaults:5)
  5 green draconians
  A black draconian (Zot:3)
  Azrael (Snake:2)
  A deep elf demonologist (Vaults:5)
  5 purple draconians
  2 lorocyprocas
  5 white draconians
  A bunyip (Swamp:3)
  12 spark wasps
  2 entropy weavers (Abyss:3)
  3 red draconians
  Nessos (D:15)
  5 yellow draconians
  A blizzard demon (Abyss:3)
  A crystal guardian (Abyss:3)
  17 ettins
  2 green deaths
  6 eleionomae
  5 deep elf death magi
  Josephine (D:15)
  6 fire dragons
  14 ogre magi
  4 rakshasas
  23 yaktaur captains
  A great orb of eyes (shapeshifter) (Vaults:5)
  10 ice dragons
  Harold (Orc:1)
  9 great orbs of eyes
  5 deep elf high priests
  21 naga warriors
  3 boulder beetles
  35 vault guards
  8 spriggan air magi
  Fannar (Lair:3)
  A ghost crab (Swamp:3)
  22 hydras
  A hydra (shapeshifter) (Vaults:5)
  7 centaur warriors
  A catoblepas (Lair:2)
  15 anacondas
  2 death knights
  6 alligators
  30 two-headed ogres
  7 tengu warriors
  6 death yaks (Lair:5)
  5 deep troll earth magi
  A hell hog (Depths:4)
  3 deep troll shamans
  3 vampire magi
  17 naga sharpshooters
  8 spriggan berserkers
  3 deep elf knights
  8 shock serpents
  Urug (Lair:4)
  23 spriggans
  3 soul eaters
  4 orc high priests
  2 shadow wraiths
  A fire crab (shapeshifter) (Depths:3)
  2 iron trolls (Depths:1)
  10 skeletal warriors
  2 salamander mystics
  A sixfirhy (Depths:1)
  2 gelid demonspawn (Depths:3)
  2 flayed ghosts (Depths:2)
  6 hell knights
  4 glowing orange brains
  An unseen horror (shapeshifter) (Depths:3)
  A glowing orange brain (shapeshifter) (Depths:1)
  3 goliath frogs
  2 spriggan druids (Swamp:4)
  2 goliath frogs (shapeshifter)
  10 swamp dragons
  16 deep trolls
  8 deep elf archers
  7 wizards
  13 ironbrand convokers
  12 unseen horrors
  2 bog bodies
  A lindwurm (Lair:6)
  3 phantasmal warriors
  A golden dragon skeleton (Depths:2)
  A lindwurm (shapeshifter) (Depths:1)
  9 naga ritualists
  9 necromancers
  7 orc knights
  10 mana vipers
  2 wolf spiders (shapeshifter)
  8 harpies
  14 deep elf magi
  44 ugly things
  A tengu skeleton (Depths:2)
  2 tengu zombies (D:15)
  A frost giant zombie (D:15)
  7 orc sorcerers
  3 wolf spiders
  A manticore (D:13)
  A salamander (shapeshifter) (Vaults:2)
  5 will-o-the-wisps
  6 moths of wrath
  A shadow dragon skeleton (Depths:2)
  7 cyclopes
  A sphinx skeleton (Vaults:4)
  A fire giant zombie (D:15)
  4 guardian serpents
  15 salamanders
  A centaur zombie (D:15)
  A torpor snail (Lair:5)
  A guardian serpent (shapeshifter) (Vaults:1)
  A rust devil (Depths:2)
  11 elephants
  43 black mambas
  A black mamba (shapeshifter) (Depths:3)
  2 smoke demons
  16 vault sentinels
  3 molten gargoyles (Lair:6)
  30 naga magi
  4 ice statues
  A stone giant skeleton (Vaults:2)
  An eye of devastation (shapeshifter) (Depths:1)
  2 orange demons
  A hellion (Depths:2)
  2 gargoyles
  4 rime drakes
  5 spectral swamp worms (Depths:2)
  10 cane toads
  A komodo dragon (shapeshifter) (Vaults:1)
  7 freezing wraiths
  A demonic crawler (Depths:1)
  10 ice devils (IceCv)
  2 yaktaurs (shapeshifter)
  77 yaktaurs
  2 anaconda simulacra (IceCv)
  4 efreet
  A hellwing (Depths:2)
  13 komodo dragons
  A tormentor (Depths:1)
  A queen bee (Lair:2)
  A golden dragon simulacrum (IceCv)
  3 meliai (D:15)
  9 tyrant leeches
  6 trolls
  A jumping spider (shapeshifter) (Vaults:4)
  A tyrant leech (shapeshifter) (Vaults:3)
  5 tengu conjurers
  A polar bear (Lair:3)
  Prince Ribbit (D:5)
  13 dream sheep
  4 polar bears (shapeshifter)
  16 slime creatures
  13 blink frogs
  25 hornets
  3 raiju (Abyss:3)
  3 human simulacra
  A blink frog (shapeshifter) (Vaults:3)
  2 water elementals (Depths:3)
  2 dire elephant simulacra (IceCv)
  2 shadows
  9 wraiths
  3 ynoxinuls
  4 wyverns
  A redback (shapeshifter) (Depths:3)
  6 large abominations
  A basilisk (shapeshifter) (Depths:3)
  32 yaks
  7 hogs (Lair:4)
  A human (shapeshifter) (Vaults:2)
  3 neqoxecs
  2 fire elementals (Snake:2)
  12 vampire mosquitoes
  3 steam dragons
  12 basilisks
  2 chaos spawn
  Edmund (D:5)
  2 harpy simulacra (IceCv)
  45 nagas
  A yaktaur simulacrum (Vaults:2)
  6 wargs
  2 acid dragons
  A water moccasin (shapeshifter) (Vaults:2)
  16 hell hounds
  16 swamp worms
  5 small abominations
  A floating eye (shapeshifter) (Vaults:5)
  A floating eye (Depths:5)
  18 water moccasins
  3 hydra simulacra (IceCv)
  8 sky beasts
  7 swamp drakes (Swamp:4)
  2 black bears
  34 orc warriors
  8 ice beasts
  3 ettin simulacra (Depths:4)
  A black bear (shapeshifter) (Vaults:1)
  An eye of draining (shapeshifter) (Vaults:5)
  The ghost of Majang the Sneak, an amateur HODe (D:5)
  5 phantoms
  2 necrophages
  A centaur (shapeshifter) (Vaults:5)
  2 hornet zombies
  40 ogres
  4 boggarts (Depths:3)
  An eye of draining (D:12)
  10 centaurs
  4 big kobolds
  An elf skeleton (Vaults:2)
  19 bullfrogs
  A wyvern skeleton (D:12)
  5 scorpions
  52 killer bees
  23 wights
  5 howler monkeys
  An electric eel (Lair:2)
  6 lava snakes
  2 bullfrog zombies (D:11)
  2 quasits
  A crimson imp (Depths:1)
  6 jellies
  16 orc priests
  5 centaur skeletons
  10 hounds
  3 iron imps
  A bullfrog skeleton (D:12)
  20 orc wizards
  4 iguanas
  A hell rat (Depths:1)
  13 worker ants
  A hound skeleton (D:9)
  A worker ant zombie (D:11)
  6 gnolls
  20 adders
  4 shadow imps
  3 white imps
  9 ufetubi
  4 oozes
  An adder zombie (D:8)
  3 dart slugs
  6 leopard geckos
  105 orcs
  4 bats
  7 giant cockroaches
  20 goblins
  15 hobgoblins
  2 jackals (D:3)
  4 quokkas
  2 ball pythons
  A ball python skeleton (D:4)
  7 frilled lizards
  25 kobolds
  2 leopard gecko skeletons
  2 leopard gecko zombies
  8 rats
  7 crawling corpses
  A lurking horror (Abyss:3)
2107 creatures vanquished.

Vanquished Creatures (collateral kills)
  An electric golem (Zot:5)
  A bloated husk (Swamp:1)
2 creatures vanquished.

Vanquished Creatures (others)
  2 vampire knights
  A black draconian (Zot:1)
  A hell hog (Depths:4)
  An alligator (Swamp:1)
  A shadow wraith (Vaults:5)
  A naga ritualist (Snake:4)
  A komodo dragon (Lair:6)
  A tyrant leech (Swamp:4)
  A ynoxinul (Abyss:3)
  An orc (D:9)
  36 foxfires
  8 fungi
  11 plants
  9 withered plants
75 creatures vanquished.

Grand Total: 2184 creatures vanquished

Notes
Turn   | Place    | Note
-------+----------+-------------------------------------------
     0 | D:1      | Kejsarherre the Deep Dwarf Fighter began the quest for the
                  | Orb.
     0 | D:1      | Reached XP level 1. HP: 20/20 MP: 1/1
   205 | D:1      | Reached XP level 2. HP: 21/27 MP: 2/2
   277 | D:2      | Reached skill level 4 in Shields
   315 | D:2      | Reached XP level 3. HP: 23/33 MP: 3/3
   506 | D:3      | Reached XP level 4. HP: 20/40 MP: 4/4
   579 | D:4      | Noticed an ogre
   586 | D:4      | Killed an ogre
   587 | D:4      | Reached skill level 5 in Shields
   587 | D:4      | Reached XP level 5. HP: 46/46 MP: 5/5
   607 | D:4      | Found a staircase to the Ecumenical Temple.
   614 | Temple   | Entered the Ecumenical Temple
   639 | Temple   | Became a worshipper of Makhleb the Destroyer
   851 | D:1      | Reached skill level 5 in Axes
  1561 | D:3      | Reached * piety under Makhleb
  1634 | D:3      | Reached XP level 6. HP: 44/55 MP: 6/6
  1689 | D:3      | Found a snail-covered altar of Cheibriados.
  2046 | D:4      | Reached ** piety under Makhleb
  2096 | D:4      | Reached skill level 6 in Shields
  2096 | D:4      | Reached XP level 7. HP: 43/61 MP: 7/7
  2227 | D:5      | Entered Level 5 of the Dungeon
  2233 | D:5      | Found a basalt altar of Yredelemnul.
  2305 | D:5      | Found a transporter.
  2307 | D:5      | Found a transporter.
  2315 | D:5      | Noticed Majang's ghost (amateur HODe)
  2333 | D:5      | Killed Majang's ghost
  2345 | D:5      | Reached skill level 7 in Shields
  2441 | D:5      | Noticed Edmund
  2454 | D:5      | Reached XP level 8. HP: 27/68 MP: 8/8
  2457 | D:5      | Killed Edmund
  2476 | D:5      | Noticed Prince Ribbit
  2493 | D:5      | Killed Prince Ribbit
  2494 | D:5      | Reached skill level 8 in Shields
  2989 | D:6      | Reached skill level 1 in Dodging
  3005 | D:6      | Found Ihiczun's Armour Shop.
  3023 | D:6      | Bought a +0 helmet for 67 gold pieces
  3028 | D:6      | Bought a +0 pair of boots for 67 gold pieces
  3055 | D:6      | Found Maom's Jewellery Shoppe.
  3113 | D:6      | Reached skill level 9 in Shields
  3113 | D:6      | Gained mutation: You passively map the area around you.
                  | [Deep Dwarf growth]
  3113 | D:6      | Reached XP level 9. HP: 58/74 MP: 9/9
  3175 | D:6      | Found Roraf's Assorted Antiques.
  3194 | D:6      | Bought a glowing coral ring for 120 gold pieces
  3210 | D:6      | Reached *** piety under Makhleb
  3370 | D:6      | Found an ancient bone altar of Kikubaaqudgha.
  3806 | D:7      | Reached **** piety under Makhleb
  3807 | D:7      | Reached skill level 10 in Axes
  3838 | D:7      | Reached skill level 5 in Armour
  4447 | D:8      | Reached skill level 10 in Shields
  4793 | D:8      | Reached skill level 5 in Dodging
  4903 | D:8      | Reached XP level 10. HP: 75/81 MP: 10/10
  5188 | D:9      | Reached ***** piety under Makhleb
  5558 | D:9      | Noticed a cyclops
  5568 | D:9      | Killed a cyclops
  5569 | D:9      | Reached skill level 11 in Shields
  6048 | D:10     | Entered Level 10 of the Dungeon
  6252 | D:10     | Noticed an unseen horror
  6260 | D:10     | Killed an unseen horror
  6261 | D:10     | Reached XP level 11. HP: 76/88 MP: 11/11
  6353 | D:10     | Noticed a two-headed ogre
  6372 | D:10     | Killed a two-headed ogre
  6726 | D:10     | Reached skill level 12 in Shields
  7009 | D:11     | Reached skill level 1 in Invocations
  7069 | D:11     | Found a roughly hewn altar of Beogh.
  7085 | D:11     | Noticed a four-headed hydra
  7093 | D:11     | Killed a four-headed hydra
  7247 | D:11     | Reached skill level 1 in Evocations
  7280 | D:11     | Killed an unseen horror
  7366 | D:11     | Noticed a two-headed ogre
  7376 | D:11     | Killed a two-headed ogre
  7377 | D:11     | Reached skill level 5 in Invocations
  7494 | D:11     | Found a staircase to the Lair.
  7706 | D:12     | Reached ****** piety under Makhleb
  7793 | D:12     | Reached skill level 13 in Shields
  7893 | D:12     | Noticed a six-headed hydra
  7896 | D:12     | Reached skill level 5 in Evocations
  7897 | D:12     | Killed a six-headed hydra
  7898 | D:12     | Reached XP level 12. HP: 95/96 MP: 15/17
  7978 | D:12     | Noticed a boulder beetle
  8000 | D:12     | Killed a boulder beetle
  8433 | D:12     | Found a staircase to the Orcish Mines.
  9195 | D:13     | Reached skill level 14 in Shields
  9503 | D:14     | Noticed a centaur warrior
  9513 | D:14     | Killed a centaur warrior
  9550 | D:14     | Reached skill level 10 in Invocations
  9568 | D:14     | Found a gate to the Vaults.
  9568 | D:14     | Noticed an ironheart preserver
  9568 | D:14     | Noticed a centaur warrior
  9580 | D:14     | Killed a centaur warrior
  9582 | D:14     | Killed an ironheart preserver
  9583 | D:14     | Reached XP level 13. HP: 102/102 MP: 19/19
  9689 | D:14     | Reached skill level 10 in Evocations
  9770 | D:14     | Got a dazzling chain mail
  9782 | D:14     | Identified the cursed +1 chain mail "Gudesilyo" {*Slow
                  | Str+3 Stlth+} (You found it on level 14 of the Dungeon)
 10225 | D:14     | Reached skill level 15 in Shields
 10324 | D:15     | Entered Level 15 of the Dungeon
 10552 | D:15     | Found a staircase to the Depths.
 10671 | Lair:1   | Entered Level 1 of the Lair of Beasts
 10737 | Lair:1   | Reached skill level 5 in Fighting
 11764 | Lair:3   | Found a staircase to the Snake Pit.
 11854 | Lair:3   | Noticed Fannar
 11879 | Lair:3   | Killed Fannar
 11898 | Lair:3   | Gained mutation: You resist negative energy. (rN+) [Deep
                  | Dwarf growth]
 11898 | Lair:3   | Reached XP level 14. HP: 123/123 MP: 20/20
 12201 | Lair:3   | Found a staircase to the Swamp.
 12449 | Lair:4   | Noticed Kirke
 12469 | Lair:4   | Killed Kirke
 12518 | Lair:4   | You fall into a shaft and drop 2 floors!
 12518 | Lair:6   | Entered Level 6 of the Lair of Beasts
 12590 | Lair:6   | Found a staircase to the Slime Pits.
 13436 | Lair:4   | Noticed Urug
 13456 | Lair:4   | Killed Urug
 14208 | Lair:6   | Reached skill level 10 in Fighting
 14639 | Lair:6   | Reached XP level 15. HP: 56/139 MP: 21/21
 14642 | Lair:6   | Found a large runed translucent door.
 14773 | Lair:6   | Found a large runed translucent door.
 15208 | D:15     | Reached skill level 15 in Axes
 15306 | D:15     | Noticed Josephine
 15324 | D:15     | Killed Josephine
 15427 | D:15     | Found a white marble altar of Elyvilon.
 15490 | D:15     | Noticed Nessos
 15532 | D:15     | Killed Nessos
 15830 | Orc:1    | Entered Level 1 of the Orcish Mines
 15830 | Orc:1    | Noticed Harold
 15854 | Orc:1    | Killed Harold
 15934 | Orc:1    | Found Nunusurph's General Store.
 16065 | Orc:1    | Found a roughly hewn altar of Beogh.
 16158 | Orc:2    | Entered Level 2 of the Orcish Mines
 16158 | Orc:2    | Noticed an orc warlord
 16177 | Orc:1    | Killed an orc warlord
 16239 | Orc:2    | Found a roughly hewn altar of Beogh.
 16270 | Orc:2    | Found Darett's Antique Weapon Shop.
 16270 | Orc:2    | Noticed an orc warlord
 16298 | Orc:2    | Killed an orc warlord
 16361 | Orc:2    | Found a roughly hewn altar of Beogh.
 16424 | Orc:2    | Found a staircase to the Elven Halls.
 16435 | Orc:2    | Found Motsafit's Distillery.
 16468 | Orc:2    | Found Dudamesi's Antique Armour Shop.
 16486 | Orc:2    | Bought a potion of haste for 160 gold pieces
 16486 | Orc:2    | Bought a potion of mutation for 128 gold pieces
 16486 | Orc:2    | Bought a potion of heal wounds for 80 gold pieces
 16486 | Orc:2    | Bought a potion of curing for 48 gold pieces
 16497 | Orc:2    | Bought a glimmering plate armour for 952 gold pieces
 16497 | Orc:2    | Identified the +17 plate armour "Besuloym" {rF+} (You
                  | bought it in a shop on level 2 of the Orcish Mines)
 16621 | Orc:2    | Found Nest's General Store.
 16674 | Orc:2    | Found Myishou's Book Shop.
 17341 | Swamp:1  | Entered Level 1 of the Swamp
 17471 | Swamp:1  | Noticed Nikola
 17517 | Swamp:1  | HP: 7/141 [Nikola/chain lightning (24)]
 17525 | Swamp:1  | Killed Nikola
 17526 | Swamp:1  | Reached XP level 16. HP: 79/150 MP: 21/21
 17722 | Swamp:1  | Reached skill level 10 in Armour
 17968 | Swamp:2  | Noticed Jorgrun
 17992 | Swamp:1  | Killed Jorgrun
 18012 | Swamp:1  | Gained mutation: Potions are less effective at restoring
                  | your health. [potion of mutation]
 18012 | Swamp:1  | Gained mutation: You occasionally shout uncontrollably at
                  | your foes. [potion of mutation]
 18012 | Swamp:1  | Gained mutation: You have large cloven feet. [potion of
                  | mutation]
 18013 | Swamp:1  | Lost mutation: You occasionally shout uncontrollably at
                  | your foes. [potion of mutation]
 18013 | Swamp:1  | Lost mutation: You have large cloven feet. [potion of
                  | mutation]
 18013 | Swamp:1  | Gained mutation: Scrolls take you a little longer to read.
                  | [potion of mutation]
 18013 | Swamp:1  | Gained mutation: You expend magic power (3 MP) to
                  | strengthen your wands. [potion of mutation]
 18014 | Swamp:1  | Lost mutation: Scrolls take you a little longer to read.
                  | [potion of mutation]
 18014 | Swamp:1  | Lost mutation: You expend magic power (3 MP) to strengthen
                  | your wands. [potion of mutation]
 18014 | Swamp:1  | Lost mutation: Potions are less effective at restoring your
                  | health. [potion of mutation]
 18014 | Swamp:1  | Gained mutation: Scrolls take you a little longer to read.
                  | [potion of mutation]
 18014 | Swamp:1  | Gained mutation: You are partially covered in icy blue
                  | scales. (AC +2) [potion of mutation]
 18014 | Swamp:1  | Gained mutation: You are mostly covered in icy blue scales.
                  | (AC +3) [potion of mutation]
 18014 | Swamp:1  | Gained mutation: Your spells are a little harder to cast,
                  | but a little more powerful. [potion of mutation]
 18015 | Swamp:1  | Lost mutation: Scrolls take you a little longer to read.
                  | [potion of mutation]
 18015 | Swamp:1  | Gained mutation: You have a pair of small antennae on your
                  | head. [potion of mutation]
 18015 | Swamp:1  | Gained mutation: You are robust. (+10% HP) [potion of
                  | mutation]
 18052 | Swamp:2  | Paralysed by a fenstrider witch for 6 turns
 18529 | Swamp:3  | Found a runed translucent door.
 18530 | Swamp:3  | Noticed Silenth's ghost (adept KoHu)
 18531 | Swamp:3  | Found the +3 crown of Dyrovepreva {rElec Int+2 SInv}
 18786 | Swamp:3  | Reached skill level 10 in Dodging
 19027 | Swamp:4  | Entered Level 4 of the Swamp
 19212 | Swamp:4  | Found a frozen archway.
 19281 | IceCv    | Entered an ice cave
 19461 | IceCv    | Noticed an Ice Fiend
 19478 | IceCv    | Killed an Ice Fiend
 19767 | Swamp:4  | Identified the Guide on Dusty Companions
 19915 | Swamp:4  | Reached XP level 17. HP: 132/172 MP: 19/19
 20235 | Swamp:4  | Got a decaying rune of Zot
 20805 | Orc:2    | Bought a scroll of acquirement for 936 gold pieces
 20806 | Orc:2    | Acquired 709 gold pieces
 21050 | Snake:1  | Entered Level 1 of the Snake Pit
 21220 | Snake:1  | Found Corghyid's General Store.
 21496 | Snake:1  | Found a radiant altar of Vehumet.
 21781 | Snake:2  | Noticed Frances
 21805 | Snake:2  | Killed Frances
 21828 | Snake:2  | Noticed Azrael
 21840 | Snake:2  | Killed Azrael
 21978 | Snake:2  | Found Yhofemez's Distillery.
 21986 | Snake:2  | Bought 2 potions of curing for 96 gold pieces
 21986 | Snake:2  | Bought a potion of curing for 48 gold pieces
 21986 | Snake:2  | Bought a potion of heal wounds for 80 gold pieces
 21986 | Snake:2  | Bought a potion of curing for 48 gold pieces
 21986 | Snake:2  | Bought a potion of mutation for 128 gold pieces
 21986 | Snake:2  | Bought a potion of might for 64 gold pieces
 22042 | Snake:2  | Noticed Aizul
 22071 | Snake:2  | Killed Aizul
 23504 | Snake:4  | Entered Level 4 of the Snake Pit
 23795 | Snake:4  | Gained mutation: You passively map a large area around you.
                  | [Deep Dwarf growth]
 23795 | Snake:4  | Reached XP level 18. HP: 168/182 MP: 19/19
 23799 | Snake:4  | Noticed Agnes
 23829 | Snake:4  | Killed Agnes
 23928 | Snake:4  | Identified Roxanne's Compendium of Moulding
 23928 | Snake:4  | Noticed Roxanne
 23960 | Snake:4  | Killed Roxanne
 24005 | Snake:4  | Reached skill level 16 in Shields
 24102 | Snake:4  | Found Raesalio's Magic Scroll Shop.
 24110 | Snake:4  | Bought a scroll of acquirement for 572 gold pieces
 24115 | Snake:4  | Acquired the ring of the Tortoise {AC+8}
 24116 | Snake:4  | Found the ring of the Tortoise {AC+8}
 24406 | Snake:4  | Got a serpentine rune of Zot
 24589 | Snake:4  | Noticed Vashnia
 24615 | Snake:4  | Killed Vashnia
 25203 | Vaults:1 | Entered Level 1 of the Vaults
 25268 | Vaults:1 | Reached skill level 17 in Shields
 25431 | Vaults:1 | Reached XP level 19. HP: 195/195 MP: 22/22
 25839 | Vaults:1 | Reached skill level 15 in Invocations
 26935 | Vaults:2 | Found a staircase to the Crypt.
 27104 | Vaults:2 | Reached skill level 18 in Shields
 27802 | Vaults:3 | Reached XP level 20. HP: 199/209 MP: 25/25
 27842 | Vaults:3 | Gained mutation: You occasionally shout uncontrollably at
                  | your foes. [mutagenic glow]
 28087 | Vaults:3 | Found a radiant altar of Vehumet.
 28113 | Vaults:3 | Found the +3 robe of Clouds {+Thunder rCloud rElec}
 28139 | Vaults:3 | Got a scorched hat
 28140 | Vaults:3 | Identified the cursed +0 hat of Axitt {Regen+ Int+3} (You
                  | found it on level 3 of the Vaults)
 28154 | Vaults:3 | Got a crude hat
 28155 | Vaults:3 | Identified the -2 hat "Bopsiug" {rC+ Slay+2} (You found it
                  | on level 3 of the Vaults)
 28341 | Vaults:3 | Found Qemeg's General Store.
 28369 | Vaults:3 | Reached skill level 19 in Shields
 29993 | Vaults:5 | Entered Level 5 of the Vaults
 30020 | Vaults:5 | Cast into level 3 of the Abyss (vault guard)
 30162 | Abyss:3  | Reached skill level 20 in Shields
 30198 | Vaults:5 | Escaped the Abyss
 30220 | Vaults:5 | Noticed an ancient lich
 30225 | Vaults:5 | Paralysed by an ancient lich for 2 turns
 30228 | Vaults:5 | Reached XP level 21. HP: 212/217 MP: 22/27
 30237 | Vaults:5 | Noticed an ancient lich
 30256 | Vaults:5 | Killed an ancient lich
 30263 | Vaults:5 | Killed an ancient lich
 30427 | Vaults:5 | Reached skill level 21 in Shields
 30533 | Vaults:5 | Noticed an ancient lich
 30551 | Vaults:5 | Killed an ancient lich
 30552 | Vaults:5 | Reached XP level 22. HP: 219/226 MP: 29/29
 30610 | Vaults:5 | Got a silver rune of Zot
 30757 | Vaults:5 | Identified Oniol's Disquisition on Attacks
 30786 | Vaults:5 | Reached skill level 22 in Shields
 31105 | Vaults:5 | Noticed a golden dragon
 31121 | Vaults:5 | Killed a golden dragon
 31637 | Vaults:5 | Noticed a golden dragon
 31656 | Vaults:5 | Killed a golden dragon
 31898 | Orc:2    | Bought a manual of Armour for 1435 gold pieces
 32040 | Depths:1 | Entered Level 1 of the Depths
 32109 | Depths:1 | Found a gateway to Hell.
 32181 | Depths:1 | Found a corrupted altar of Lugonu.
 32184 | Depths:1 | Found a runed translucent gate.
 32184 | Depths:1 | Found a runed translucent gate.
 32184 | Depths:1 | Found a runed translucent gate.
 32264 | Depths:1 | Found a one-way gate to the infinite horrors of the Abyss.
 32342 | Depths:1 | You fall into a shaft and drop 1 floor!
 32342 | Depths:2 | Found Atzalup's Assorted Antiques.
 32407 | Depths:2 | Reached skill level 23 in Shields
 32473 | Depths:2 | Reached skill level 15 in Armour
 32491 | Depths:2 | Reached XP level 23. HP: 234/234 MP: 31/31
 32888 | Depths:2 | Noticed an ancient lich
 32917 | Depths:2 | Killed an ancient lich
 33132 | Depths:2 | Identified the Almanac of Necromancy
 33140 | Depths:2 | Found a gateway to a ziggurat.
 33333 | Depths:2 | Found a one-way gate leading to the halls of Pandemonium.
 33631 | Depths:1 | Reached skill level 24 in Shields
 33790 | Depths:1 | Identified the ring of Kiuthren {Fire SInv}
 34787 | Depths:3 | Reached XP level 24. HP: 244/244 MP: 31/31
 35325 | Depths:3 | Noticed Margery
 35353 | Depths:3 | Killed Margery
 35603 | Depths:4 | Noticed Boris
 35631 | Depths:4 | Killed Boris
 35644 | Depths:4 | Reached skill level 25 in Shields
 35826 | Depths:4 | Found Foklyst's Gadget Boutique.
 35826 | Depths:4 | Found Ickaoq's Jewellery Shoppe.
 35827 | Depths:4 | Found Late's Jewellery Shoppe.
 35832 | Depths:4 | Bought the ring "Xuecoy" {rF++ Will+ Str+3} for 781 gold
                  | pieces
 35876 | Depths:4 | Paralysed by a vampire knight for 2 turns
 36203 | Depths:4 | Acquired 1014 gold pieces
 36717 | Depths:5 | Entered Level 5 of the Depths
 36985 | Depths:5 | Reached skill level 15 in Fighting
 37287 | Depths:5 | Found a gate to the Realm of Zot.
 37309 | Depths:5 | Reached XP level 25. HP: 259/259 MP: 31/31
 37326 | Zot:1    | Entered Level 1 of the Realm of Zot
 37509 | Zot:3    | Reached skill level 15 in Evocations
 37700 | Zot:5    | Entered Level 5 of the Realm of Zot
 37769 | Zot:5    | Noticed an ancient lich
 37823 | Zot:5    | Noticed an ancient lich
 37852 | Zot:5    | Killed an ancient lich
 37856 | Zot:5    | Noticed an orb of fire
 37902 | Zot:5    | Gained mutation: You are weak. (Str -2) [an orb of fire]
 37908 | Zot:5    | Gained mutation: Armour fits poorly on your strangely
                  | shaped body. [an orb of fire]
 37909 | Zot:5    | Gained mutation: You are clumsy. (Dex -2) [an orb of fire]
 37914 | Zot:5    | Gained mutation: You are very clumsy. (Dex -4) [an orb of
                  | fire]
 37916 | Zot:5    | Gained mutation: You are very weak. (Str -4) [an orb of
                  | fire]
 37921 | Zot:5    | Lost mutation: Your spells are a little harder to cast, but
                  | a little more powerful. [an orb of fire]
 37922 | Zot:5    | Killed an orb of fire
 37925 | Zot:5    | Lost mutation: You are robust. (+10% HP) [potion of
                  | mutation]
 37925 | Zot:5    | Lost mutation: Armour fits poorly on your strangely shaped
                  | body. [potion of mutation]
 37925 | Zot:5    | Lost mutation: You are very weak. (Str -4) [potion of
                  | mutation]
 37925 | Zot:5    | Lost mutation: You are weak. (Str -2) [potion of mutation]
 37925 | Zot:5    | Gained mutation: Your flesh is cold resistant. (rC+)
                  | [potion of mutation]
 38035 | Zot:5    | Noticed a Killer Klown
 38035 | Zot:5    | Noticed an orb of fire
 38036 | Zot:5    | Noticed an ancient lich
 38041 | Zot:5    | Gained mutation: You are weak. (Str -2) [an orb of fire]
 38052 | Zot:5    | Killed a Killer Klown
 38057 | Zot:5    | Killed an ancient lich
 38066 | Zot:5    | Killed an orb of fire
 38121 | Zot:5    | Reached XP level 26. HP: 255/255 MP: 8/31
 38171 | Zot:5    | Got the Orb of Zot
 38446 | Depths:2 | Noticed Ihi Beubask the pandemonium lord
 38486 | Depths:2 | Killed Ihi Beubask the pandemonium lord
 38497 | Depths:2 | Noticed Haxzois the pandemonium lord
 38611 | D:11     | Noticed Hitaret the pandemonium lord
 38849 | D:$      | Escaped with the Orb!

Illustrated notes

Levels and vault maps discovered:
D:1:      wander_arrival_desolate, layout_loops_cross, bh_walls_and_bars
D:2:      layout_rooms, lemuel_another_geyser
D:3:      layout_rooms, kennysheep_slug_shrine
D:4:      layout_basic, minmay_temple_entry_junction
D:5:      minmay_diamond_boxcup, layout_basic, gammafunk_ghost_hive,
          basic_altar, uniq_edmund, uniq_prince_ribbit1
D:6:      corexii_shantytown, layout_cave_pools, kennysheep_mini, serial_shops,
          nicolae_shop_window_shopping,
          nicolae_shop_temple_entry_statues_fountains, nicolae_shop_statue_plus,
          grunt_ministairs_6, amcnicky_mini_pool_small
D:7:      layout_basic
D:8:      layout_loops_cross
D:9:      minmay_bubble_buster, layout_basic
D:10:     layout_stronghold
D:11:     layout_rooms, erik_lair_dragon, special_room [special_room_orc]
D:12:     minmay_clustersquares, layout_stronghold, david_orc_4,
          hangedman_corner_corridor
D:13:     layout_roguey
D:14:     layout_cave_pods, skrybe_vaults_entry_preservation, nrook_uturn,
          serial_park, serial_park_avenue1, serial_park_gazebo
          [serial_park_minivault_5x5_7], serial_park_tiny_pond, minivault_19
D:15:     gammafunk_depths_entry_grave, layout_rooms, elyvilon_altar_5,
          uniq_josephine, uniq_nessos
Temple:   grunt_wide_crystal_templ
Lair:1:   layout_misc_corridors, chequers_serial_rivers_small_a,
          infiniplex_staircase_pool
Lair:2:   layout_cave_shapes, special_room [special_room_bee],
          lemuel_fruit_fields, serial_bayou_shore_a, grunt_megastairs_3,
          lemuel_fruit_fields, lemuel_fruit_tree
Lair:3:   layout_cave_pods, swamp_mist_pool, minmay_snake_entry_guardpost_small,
          chequers_serial_rivers_large_a, chequers_serial_rivers_micro_e,
          minivault_11, uniq_fannar
Lair:4:   layout_gridlike, grunt_megastairs_2, uniq_urug, uniq_kirke
Lair:5:   layout_hall_layers
Lair:6:   cheibrodos_lair_end_hotspot, layout_cave_shapes,
          nicolae_slime_entry_slimehenge
Swamp:1:  layout_basic_swamp, serial_swamp_ruin, evilmike_swamp_ruin_house_2,
          evilmike_swamp_ruin_house_5, uniq_nikola
Swamp:2:  layout_basic_swamp, evilmike_swamp_ruin_house_3, uniq_jorgrun
Swamp:3:  layout_falls_marsh, gammafunk_ghost_grave,
          evilmike_swamp_ruin_rubble_2
Swamp:4:  swamp, layout_basic_swamp, portal_ice_cave_entry_ice_statue_two,
          swamp_pool2, infiniplex_staircase_pool_2
Snake:1:  layout_misc_corridors, basic_altar, serial_shops, shop_statue,
          serial_bayou_shore_b
Snake:2:  nrook_guardian_serpent_snake_passage, layout_misc_corridors,
          serial_shops, shop, uniq_aizul, uniq_frances, uniq_azrael
Snake:3:  layout_layer_cave, st_stairs_1, nicolae_snake_single_loop
Snake:4:  snake_pit, layout_layer_cave, serial_shops, nicolae_shop_stone,
          grunt_ministairs_4, grunt_megastairs_4, uniq_roxanne, uniq_agnes,
          uniq_vashnia
Orc:1:    layout_diamond_mine, serial_shops, nicolae_shop_waterfront,
          bh_open_orc_temple, uniq_harold
Orc:2:    grunt_orc_gardens, layout_caves, grunt_orc_garden, grunt_orc_garden,
          grunt_orc_garden, grunt_orc_garden, basic_altar, serial_shops, shop,
          nicolae_orc_lost_temple
Vaults:1: v_misc_31, v_misc_18, nicolae_vaults_little_squares_5,
          vaults_dpeg_encased_lava, hangedman_vaults_stretched_pinwheel,
          vaults_dpeg_diagonal, nicolae_vaults_quadrants,
          nicolae_vaults_little_squares_5, vaults_dpeg_hooks,
          ontoclasm_vaults_idyll, vaults_room_hallway,
          nicolae_vaults_shelves_hall, nicolae_vaults_puzzle_piece,
          vaults_dpeg_doors, v_pattern_4, vaults_standard_mumra_x,
          ontoclasm_vaults_chip, layout_vaults_maze_bifur
Vaults:2: nicolae_vaults_yaktaur_gun_rack, nicolae_vaults_hallways_thing,
          minmay_crypt_entry_nasty_monster, v_misc_18, v_alt_pattern_5,
          vaults_mumra_hexcomb, nicolae_vaults_little_squares_3,
          ontoclasm_vaults_ring_small, layout_vaults_big_room
Vaults:3: v_alt_pattern_3, hangedman_vaults_slice,
          nicolae_vaults_ninety_degrees, vaults_room_corners,
          nicolae_vaults_diagonal_hallway_7, ontoclasm_vaults_eye,
          hangedman_vaults_stream, ontoclasm_vaults_twist,
          hangedman_vaults_stretched_pinwheel, hangedman_vaults_cutoff,
          hangedman_vaults_corner_blocks, nicolae_vaults_angled_halls,
          grunt_tower_of_power, layout_vaults_omnibox, serial_shops,
          nicolae_shop_statue_plus
Vaults:4: nicolae_vaults_quartermaster, ontoclasm_vaults_ring_large, v_misc_27,
          ontoclasm_vaults_spin, vaults_room_large_hall, vaults_dpeg_ring,
          vaults_room_stairs_pillars, ontoclasm_vaults_bender,
          layout_vaults_ring
Vaults:5
Depths:1: minmay_shrinking_squares, layout_gridville,
          grunt_pan_entry_in_and_out, hell_entry, abyss_entry_flame_altar,
          pandoras_box_mu
Depths:2: minmay_the_grid_square_5x5_4x4 [minmay_the_grid_square_5x5_comb,
          minmay_the_grid_square_5x5_longway,
          minmay_the_grid_square_5x5_n_small,
          minmay_the_grid_square_5x5_pentomino_r,
          minmay_the_grid_square_5x5_spiral_small,
          minmay_the_grid_square_5x5_prize_gold,
          minmay_the_grid_square_5x5_prize_monsterx,
          minmay_the_grid_square_5x5_shrine2,
          minmay_the_grid_square_5x5_two_walls_b,
          minmay_the_grid_square_5x5_prize_snowflake,
          minmay_the_grid_square_5x5_prize_waves, minmay_the_grid_square_5x5_c,
          minmay_the_grid_square_5x5_tetrominoes,
          minmay_the_grid_square_5x5_plus, minmay_the_grid_square_5x5_six_small,
          minmay_the_grid_square_5x5_checkered_statues], layout_gridville,
          enter_ziggurat_a, pf_hell_entry_tar_river, special_room
          [special_room_morgue], rand_demon_pan_entry_8, serial_shops,
          nicolae_shop_stone, hangedman_abyss_entry_splay
Depths:3: grunt_deathspiral_large, layout_basic, rand_demon_pan_entry_3,
          abyss_entry_crystal, nrook_campfire, hell_entry, uniq_margery
Depths:4: hangedman_elemental_death_ray, layout_cave_shapes,
          marbit_kobold_abyss_entry, grunt_hell_horde, minmay_strange_pillars,
          pan_entry, solitary_fountain, serial_bayou_shore_b,
          minmay_staircase_windowed_small, minmay_shop_grove, uniq_boris
Depths:5: grunt_runaround [grunt_runaround_doors_1, grunt_runaround_doors_2,
          grunt_runaround_doors_3, grunt_runaround_doors_4,
          grunt_runaround_zot], hell_entry
Zot:1:    minmay_elemental_castle, layout_misc_corridors,
          st_small_dragon_hoard_2
Zot:2:    layout_cathedral_of_symmetry, hangedman_zot_decor_slant
Zot:3:    layout_cathedral_of_symmetry, amcnicky_altar_lugonu_corruption
Zot:4:    cheibrodos_zot_enchanting_chambers, layout_gridlike,
          grunt_ministairs_13, st_stairs_4
Zot:5:    layout_twisted_circle

Skill      XL: |  1  2  3  4  5  6  7  8  9 10 11 12 13 14 15 16 17 18 19 20 21 22 23 24 25 26 |
---------------+-------------------------------------------------------------------------------+-----
Shields        | 4 5 6 7 9 10 11 13 14 15 17 18 20 21 23 24 25 | 25.0
Axes           | 3 4 5 7 8 9 10 12 14 17 19 20 | 20.0
Dodging        | 2 5 7 8 9 11 12 | 12.0
Armour         | 4 6 8 9 11 12 15 19 20 | 20.0
Invocations    | 6 10 11 14 16 19 21 23 | 23.0
Evocations     | 5 9 10 14 17 18 | 18.0
Fighting       | 7 10 11 13 14 15 18 19 | 19.2

Action                   |  1- 3 |  4- 6 |  7- 9 | 10-12 | 13-15 | 16-18 | 19-21 | 22-24 | 25-27 || total
-------------------------+-------+-------+-------+-------+-------+-------+-------+-------+-------++-------
Melee: War axe           |    50 |   162 |     2 |       |       |       |       |       |       ||   214
       Hand axe          |       |       |   441 |   971 |  1177 |   127 |       |       |       ||  2716
       Broad axe         |       |       |       |       |   466 |  1618 |  1427 |  1860 |   538 ||  5909
Throw: Javelin           |     9 |    16 |    11 |     2 |     2 |       |       |       |       ||    40
Invok: Minor Destruction |       |       |       |     2 |     2 |       |       |       |       ||     4
       Major Destruction |       |       |       |       |     3 |       |       |       |       ||     3
       Greater Servant o |       |       |       |       |       |     1 |       |       |     1 ||     2
 Abil: Heal Wounds       |       |     1 |     1 |     1 |     8 |    14 |       |       |     4 ||    29
Evoke: Wand              |       |       |       |    10 |    19 |    19 |     5 |    11 |    11 ||    75
       Box of beasts     |       |       |       |       |     1 |       |       |       |       ||     1
       Condenser vane    |       |       |       |       |       |     3 |     3 |     3 |       ||     9
  Use: Scroll            |     5 |     3 |     6 |     9 |    13 |     9 |     6 |     8 |     5 ||    64
       Potion            |       |       |     3 |       |     5 |    28 |     1 |       |     8 ||    45
 Stab: Paralysed         |       |       |       |       |     7 |       |       |       |       ||     7
       Distracted        |       |       |       |       |     1 |       |     2 |     2 |       ||     5
       Confused          |       |       |       |       |       |     2 |       |       |       ||     2
Armor: Scale mail        |    22 |    65 |    68 |       |       |       |       |       |       ||   155
       Plate armour      |       |       |    85 |   315 |   470 |  1026 |   850 |   842 |   301 ||  3889
Dodge: Dodged            |    14 |    40 |    92 |   235 |   472 |   793 |   534 |   506 |   141 ||  2827
Block: Kite shield       |    31 |    82 |   251 |   523 |   963 |  1318 |  1091 |  1722 |   444 ||  6425
       Reflection        |       |       |       |       |       |       |       |    64 |     1 ||    65
